 Dungeon Crawl Stone Soup version 0.28-a0-410-gbef64dd269 (webtiles) character file.

Game seed: 11091976008765326960

383 a11behringer the Carver (level 6, 0/51 (52) HPs)
             Began as a Minotaur Fighter on Sept 6, 2021.
             Was an Initiate of Okawaru.
             Slain by an ogre (10 damage)
             ... on level 4 of the Dungeon.
             The game lasted 00:16:56 (3753 turns).

a11behringer the Carver (Minotaur Fighter)          Turns: 3753, Time: 00:16:57

HP:   0/51 (52)     AC: 12    Str: 21    XL:     6   Next: 47%
MP:   5/5           EV:  7    Int:  5    God:    Okawaru [......]
Gold: 141           SH:  4    Dex: 11    Spells: 5/5 levels left

rFire   . . .      SeeInvis .   a - +0 long sword
rCold   . . .      Faith    .   c - +0 buckler
rNeg    . . .      Spirit   .   m - +0 chain mail
rPois   .          Reflect  .   (helmet restricted)
rElec   .          Harm     .   g - +2 cloak
rCorr   .          Rampage  .   (no gloves)
Will    .....                   (no boots)
Stlth   ..........              (no amulet)
HPRegen 0.17/turn               (no ring)
MPRegen 0.09/turn               (no ring)

@: mighty, lightly drained
A: horns 2, retaliatory headbutt
a: Renounce Religion


You were on level 4 of the Dungeon.
You worshipped Okawaru.
Okawaru was noncommittal.
You visited 2 branches of the dungeon, and saw 6 of its levels.

You collected 141 gold pieces.

Inventory:

Hand Weapons
 a - a +0 long sword (weapon)
Missiles
 r - 11 bolts
Armour
 b - a +0 scale mail
 c - a +0 buckler (worn)
 g - a +2 cloak (worn)
 m - a +0 chain mail (worn)
Scrolls
 e - 4 scrolls of immolation {unknown}
 f - a scroll of teleportation {unknown}
 j - a scroll of noise {unknown}
 p - 5 scrolls of identify {unknown}
 q - a scroll of vulnerability {unknown}
 s - a scroll of blinking {unknown}
 t - a scroll of fear {unknown}
Potions
 d - 2 potions of might
 h - 2 potions of curing {unknown}
 i - a potion of lignification {unknown}
 k - a potion of heal wounds {unknown}
 l - a potion of invisibility {unknown}
 n - a potion of ambrosia {unknown}
 o - 2 potions of degeneration {unknown}


   Skills:
 - Level 3.6 Fighting
 * Level 8.3 Long Blades
 - Level 3.6 Armour
 - Level 3.6 Shields
 - Level 0.3 Unarmed Combat


You had 5 spell levels left.
You didn't know any spells.
Your spell library was empty.

Dungeon Overview and Level Annotations

Branches:
Dungeon (5/15)             Temple (1/1) D:5

Altars:
Okawaru
Uskayaw


Innate Abilities, Weirdness & Mutations

You have a pair of horns on your head.
You reflexively headbutt those who attack you in melee.


Message History

You hit the giant cockroach but do no damage.
The giant cockroach barely misses you. You furiously retaliate!
You headbutt the giant cockroach.
You kill the giant cockroach!
Okawaru accepts your kill.
A giant cockroach and a wight come into view.
You see here a giant cockroach corpse.
An ogre comes into view. It is wielding a +0 giant spiked club.
Found a pink potion.
The ogre shouts!
You see here a lumpy orange potion.
An adder comes into view.
You feel very mighty all of a sudden.
The wight hits you with a +5 great sword!
You slash the wight!
The wight is heavily damaged.
The giant cockroach closely misses you. You furiously retaliate!
You headbutt the giant cockroach!
You kill the giant cockroach!
Okawaru accepts your kill.
The wight hits you with a +5 great sword.
You feel drained.
You hit the wight.
The wight is severely damaged.
The wight hits you with a +5 great sword!
You feel drained.
* * * LOW HITPOINT WARNING * * *
You slash the wight!
You destroy the wight!
Okawaru accepts your kill. The ogre barely misses you.
Found 13 sling bullets.
You block the ogre's attack.
Things that are here:
a +5 great sword; a +0 robe You slash the ogre!
The ogre is heavily wounded.
You closely miss the ogre.
The ogre is heavily wounded.
The ogre hits you with a +0 giant spiked club!
You die...

####### .. #..... ....
#.#.###.#.. ###.........
#...#.###.# ###...#S#!#.#
#....†#O###.#.(
#.#....@......#### #.#
#.#..!#†###.#.##.. ..#
#.##......... #.# #.#
#.########### #.# #.# #.#
#.###.### ##.## #........
#########...#############........
..................#..............
.########...#####>#.######.......


You could see an ogre and an adder.

Vanquished Creatures
  A phantom (D:4)
  A wight (D:4)
  A howler monkey (D:4)
  A hound (D:5)
  Jessica (D:3)
  Natasha (twice) (D:3)
  Terence (D:2)
  3 gnolls (D:2)
  2 adders (D:3)
  2 dart slugs (D:4)
  6 bats
  5 endoplasms
  2 giant cockroaches (D:4)
  4 goblins
  6 hobgoblins
  2 kobolds
  3 quokkas
  6 ball pythons
  3 frilled lizards
  A rat (D:2)
53 creatures vanquished.

Vanquished Creatures (others)
  6 plants (D:3)
6 creatures vanquished.

Grand Total: 59 creatures vanquished

Notes
Turn   | Place    | Note
-------+----------+-------------------------------------------
     0 | D:1      | a11behringer the Minotaur Fighter began the quest for the
                  | Orb.
     0 | D:1      | Reached XP level 1. HP: 19/19 MP: 0/0
   179 | D:1      | Reached skill level 3 in Long Blades
   320 | D:1      | Reached XP level 2. HP: 27/27 MP: 1/1
   842 | D:1      | Found a faded altar of an unknown god.
  1286 | D:2      | Reached skill level 4 in Long Blades
  1524 | D:2      | Noticed Terence
  1537 | D:2      | Killed Terence
  1538 | D:2      | Reached XP level 3. HP: 25/33 MP: 2/2
  1818 | D:2      | Reached skill level 5 in Long Blades
  1820 | D:2      | Reached XP level 4. HP: 12/40 MP: 3/3
  2294 | D:3      | Noticed Jessica
  2299 | D:3      | Killed Jessica
  2412 | D:3      | Found a hide-covered altar of Uskayaw.
  2562 | D:3      | Reached skill level 6 in Long Blades
  2666 | D:3      | Noticed Natasha
  2678 | D:3      | Killed Natasha
  2679 | D:3      | Reached XP level 5. HP: 44/46 MP: 4/4
  2934 | D:3      | Noticed Natasha
  2937 | D:3      | Killed Natasha
  2968 | D:3      | You fall into a shaft and drop 2 floors!
  2968 | D:5      | Entered Level 5 of the Dungeon
  3000 | D:5      | Found a staircase to the Ecumenical Temple.
  3007 | Temple   | Entered the Ecumenical Temple
  3025 | Temple   | Became a worshipper of Warmaster Okawaru
  3055 | D:5      | Reached skill level 7 in Long Blades
  3557 | D:4      | Noticed a phantom
  3564 | D:4      | Killed a phantom
  3565 | D:4      | Reached XP level 6. HP: 50/52 MP: 5/5
  3645 | D:4      | Reached skill level 8 in Long Blades
  3753 | D:4      | Slain by an ogre

Illustrated notes

Levels and vault maps discovered:
D:1:      co_arrival_random_square_maze, layout_loops_corners,
          shapermc_ecumenical_altar_mp_vishouse, hangedman_decor_lopped
D:2:      layout_loops_cross, hex_tiny, minmay_tromino_v4_c, uniq_terence
D:3:      layout_loops_ring, nicolae_overflow_hidden_temple,
          amcnicky_altar_gilded, serial_bayou_lagoon_a, uniq_jessica,
          uniq_natasha
D:4:      layout_loops_ring, minmay_surrounded
D:5:      layout_basic, pdpol_wu_jian_five_deadly_venoms,
          minmay_temple_entry_enclosed_plants
Temple:   dshaligram_water_room_temple

Skill      XL: |  1  2  3  4  5  6 |
---------------+-------------------+-----
Long Blades    | 3 4 5 6 7 8 |  8.3
Fighting       | |  3.6
Armour         | |  3.6
Shields        | |  3.6
Unarmed Combat | |  0.3

Action                   |  1- 3 |  4- 6 || total
-------------------------+-------+-------++-------
Melee: Long sword        |    70 |    94 ||   164
       Headbutt          |     4 |    15 ||    19
       Unarmed           |       |     6 ||     6
  Use: Potion            |       |     1 ||     1
Armor: Scale mail        |    38 |       ||    38
       Chain mail        |     7 |    48 ||    55
       Skin              |       |     1 ||     1
Dodge: Dodged            |    41 |    33 ||    74
Block: Buckler           |    18 |    21 ||    39

Table legend: (Time is in decaauts)
 A = Elapsed time spent in this place.
 B = Non-inter-level travel time spent in this place.
 C = Inter-level travel time spent in this place.
 D = Time resting spent in this place.
 E = Time spent auto-exploring this place.
 F = Levels seen in this place.
 G = Mean time per level.
                   A        B        C        D        E       F      G
               +--------+--------+--------+--------+--------+-----+--------+
         Total |   3786 |   2884 |    902 |      0 |   2380 |   6 |  631.0 |
       Dungeon |   3761 |   2881 |    880 |      0 |   2380 |   5 |  752.2 |
        Temple |     24 |      2 |     22 |      0 |      0 |   1 |   24.0 |
               +--------+--------+--------+--------+--------+-----+--------+

Top non-repeatable levels by time:
     D:1: 1259 daAuts
     D:2: 1051 daAuts
     D:3: 886 daAuts
     D:4: 431 daAuts
     D:5: 132 daAuts
  Temple: 24 daAuts
